 Dungeon Crawl Stone Soup version 0.27.0-1-g7a089689b8 (webtiles) character file.

Game seed: 10325741294341611989

4 Descartes the Stinger (level 1, 0/10 HPs)
             Began as a Gargoyle Wanderer on Aug 7, 2021.
             Slain by a ball python (1 damage)
             ... on level 1 of the Dungeon.
             The game lasted 00:00:54 (341 turns).

Descartes the Stinger (Gargoyle Wanderer)            Turns: 341, Time: 00:00:54

Health: 0/10       AC:  4    Str: 15    XL:     1   Next: 70%
Magic:  2/2        EV:  8    Int: 13    God:
Gold:   7          SH:  0    Dex:  8    Spells: 1/2 levels left

rFire    . . .     SeeInvis .   a - +0 club
rCold    . . .     Faith    .   (no shield)
rNeg     + . .     Spirit   .   b - +0 robe
rPois    ∞         Reflect  .   (no helmet)
rElec    +         Harm     .   (no cloak)
rCorr    .         Rampage  .   (no gloves)
Will     .....                  (no boots)
Stlth    +.........             (no amulet)
HPRegen  0.03/turn              (no ring)
MPRegen  0.08/turn              (no ring)

@: constricted
A: sickness immunity, AC +2, negative energy resistance 1, electricity
resistance, torment resistance 1, petrification resistance
a: no special abilities


You were on level 1 of the Dungeon.
You visited 1 branch of the dungeon, and saw 1 of its levels.

You collected 7 gold pieces.

Inventory:

Hand Weapons
 a - a +0 club (weapon)
Armour
 b - a +0 robe (worn)
Scrolls
 c - a scroll of teleportation
Potions
 d - a potion of curing {unknown}
 e - a potion of might {unknown}


   Skills:
 - Level 2.0 Maces & Flails
 - Level 1.1 Armour
 - Level 1.1 Stealth
 - Level 1.1 Shields
 - Level 1.0 Spellcasting
 + Level 1.3 Conjurations
 - Level 4.0 Poison Magic


You had one spell level left.
You knew the following spells:

 Your Spells              Type           Power      Damage    Failure   Level
a - Magic Dart            Conj           16%        1d3       17%         1

Your spell library contained the following spells:

 Spells                   Type           Power      Damage    Failure   Level
 Pain                     Necr           0%         1d4       28%         1
 Blink                    Tloc           N/A        N/A       38%         2
 Call Imp                 Summ           0%         N/A       38%         2
 Slow                     Hex            0%         N/A       38%         2
 Mephitic Cloud           Conj/Pois/Air  5%         N/A       38%         3
 Conjure Flame            Conj/Fire      2%         6-21      54%         3
 Vampiric Draining        Necr           0%         2d6       63%         3


Dungeon Overview and Level Annotations

Branches:
Dungeon (1/15)

Altars:


Innate Abilities, Weirdness & Mutations

You are immune to sickness and miasma.
Your stone body is resilient. (AC +2)
You are immune to poison.
You resist negative energy. (rN+)
You are resistant to electric shocks. (rElec)
You are resistant to unholy torment.
You are immune to petrification.


Message History

No target in view!
No target in view!
e - a metallic black potion A ball python comes into view.
You see here a ball python corpse.
The ball python hisses angrily.
A quokka comes into view.
A giant cockroach comes into view.
The ball python bites you. The ball python grabs you.
The ball python constricts you.
You closely miss the ball python. The ball python bites you.
The ball python constricts you. The ball python barely misses you.
The ball python constricts you.
You closely miss the ball python. The quokka barely misses you.
The ball python bites you. The ball python constricts you.
You are too injured to fight recklessly!
You are too injured to fight recklessly!
You are too injured to fight recklessly!
You are too injured to fight recklessly!
You are too injured to fight recklessly!
You are too injured to fight recklessly!
You are too injured to fight recklessly!
You are too injured to fight recklessly!
You are too injured to fight recklessly!
You are too injured to fight recklessly!
You are too injured to fight recklessly!
You are too injured to fight recklessly!
You are too injured to fight recklessly!
You are too injured to fight recklessly!
You are too injured to fight recklessly!
You are too injured to fight recklessly!
You are too injured to fight recklessly!
You are too injured to fight recklessly!
You are too injured to fight recklessly!
You are too injured to fight recklessly!
The ball python's grasp on you weakens, but your attempt to escape fails.
The quokka bites you.
* * * LOW HITPOINT WARNING * * *
The ball python bites you.
You die...

........# #
..≈....≈...####.# #
..........# #.# #
....≈≈?...# #)# #
....≈≈....# #.# #
..........## ##.## ##
..≈....≈...###...######.
......r....##.###.....#'
......S@..†...# #.>####.
......B.......# #######'
.#.#####.##†##..#.......
#.##.# ###.###### #....#
.... #....# #.####
#.)... #.... ..##..
#.###' #.# #.# #...


You could see a quokka, a giant cockroach and a ball python.

Vanquished Creatures
  2 ball pythons (D:1)
  A bat (D:1)
  A frilled lizard (D:1)
  A kobold (D:1)
5 creatures vanquished.

Notes
Turn   | Place    | Note
-------+----------+-------------------------------------------
     0 | D:1      | Descartes the Gargoyle Wanderer began the quest for the
                  | Orb.
     0 | D:1      | Descartes set off with the following items: a +0 club, a +0
                  | robe, a scroll of teleportation; and the following spells
                  | available to memorise: Magic Dart, Pain, Blink, Call Imp,
                  | Slow, Mephitic Cloud, Conjure Flame, Vampiric Draining
     0 | D:1      | Reached XP level 1. HP: 10/10 MP: 2/2
     2 | D:1      | Learned a level 1 spell: Magic Dart
   220 | D:1      | Reached skill level 1 in Conjurations
   341 | D:1      | Slain by a ball python

Illustrated notes

Levels and vault maps discovered:
D:1:      matt_arrival_los_fun, layout_loops_ring, skrybe_limestone_x

Skill      XL: |  1 |
---------------+----+-----
Conjurations   | 1 |  1.3
Maces & Flails | |  2.0
Armour         | |  1.1
Stealth        | |  1.1
Shields        | |  1.1
Spellcasting   | |  1.0
Poison Magic   | |  4.0

Action                   || total
-------------------------++-------
Melee: Club              ||    15
Armor: Robe              ||     7
Dodge: Dodged            ||    11
